Map: Catallena LE (Void)

Players

SamuraiFunn - Winner!

  • Race: Protoss Protoss
  • Spawn Location: 9:00

A.I. 1 (Harder)

  • Race: Protoss Protoss
  • Spawn Location: 5:00

VOD

Have the link to the VOD?

Description

Time

  • Played on: Nov. 9, 2017, 9:50 p.m.
  • Length: 17:58
Show
View Real Time Build Order
Export as new Build Order

SamuraiFunn Protoss - Winner!

Build Orders:  

Get SALT Encoding   

  12  0:01  Probe (Chrono Boost)  
  13  0:12  Probe (Chrono Boost)  
  14  0:20  Pylon  
  14  0:23  Probe (Chrono Boost)  
  15  0:38  Probe (Chrono Boost)  
  16  0:43  Gateway  
  16  0:49  Probe (Chrono Boost)  
  17  0:58  Assimilator  
  17  1:01  Probe (Chrono Boost)  
  18  1:11  Probe (Chrono Boost)  
  18  1:14  Assimilator  
  19  1:22  Probe (Chrono Boost)  
  20  1:25  Gateway  
  20  1:34  Cybernetics Core  
  20  1:42  Probe (Chrono Boost)  
  21  1:49  Zealot  
  23  2:00  Pylon  
  23  2:14  Warp Gate  
  23  2:18  Probe (Chrono Boost)  
  23  2:21  Pylon  
  24  2:33  Nexus  
  24  2:37  Probe (Chrono Boost)  
  25  2:59  Probe (Chrono Boost)  
  25  3:04  Zealot x2  
  30  3:14  Probe (Chrono Boost)  
  31  3:24  Probe (Chrono Boost)  
  31  3:26  Gateway  
  32  3:30  Stargate  
  32  3:37  Adept  
  32  3:39  Zealot  
  36  3:48  Twilight Council  
  36  3:51  Probe x2 (Chrono Boost)  
  38  4:04  Zealot  
  38  4:06  Probe (Chrono Boost)  
  38  4:07  Probe (Chrono Boost)  
  42  4:13  Assimilator  
  42  4:28  Probe x2 (Chrono Boost)  
  44  4:37  Void Ray  
  48  4:43  Stargate  
  48  4:48  Stargate  
  48  4:49  Probe x2 (Chrono Boost)  
  50  4:57  Zealot  
  50  4:59  Probe x2 (Chrono Boost)  
  54  5:10  Pylon  
  54  5:14  Pylon  
  54  5:28  Probe x2 (Chrono Boost)  
  48  5:36  Charge  
  48  5:39  Zealot x3  
  48  5:42  Void Ray  
  46  6:14  Zealot  
  46  6:15  Zealot x2  
  52  6:18  Void Ray x2  
  60  6:30  Pylon  
  60  6:36  Pylon  
  60  6:38  Assimilator  
  61  6:40  Probe x2 (Chrono Boost)  
  62  6:47  Zealot x3  
  68  6:56  Void Ray  
  68  6:57  Nexus  
  72  7:10  Zealot x3  
  78  7:21  Void Ray  
  82  7:25  Probe (Chrono Boost)  
  82  7:26  Probe (Chrono Boost)  
  84  7:36  Probe x2 (Chrono Boost)  
  86  7:38  Pylon  
  86  7:41  Pylon  
  86  7:55  Void Ray  
  86  7:56  Probe x2 (Chrono Boost)  
  86  7:57  Pylon  
  92  7:59  Pylon  
  92  8:01  Pylon  
  92  8:03  Pylon  
  92  8:07  Pylon  
  92  8:09  Forge  
  92  8:17  Forge  
  92  8:22  Probe (Chrono Boost)  
  92  8:23  Probe x2 (Chrono Boost)  
  95  8:33  Probe x2 (Chrono Boost)  
  95  8:34  Probe (Chrono Boost)  
  98  8:42  Void Ray x2  
  98  8:45  Assimilator  
  92  9:10  Zealot x2  
  92  9:11  Zealot  
  98  9:24  Gateway  
  98  9:25  Gateway  
  98  9:26  Gateway  
  98  9:28  Gateway  
  98  9:39  Zealot x3  
  98  9:44  Protoss Ground Weapons Level 1  
  98  9:45  Protoss Ground Armor Level 1  
  104  9:48  Protoss Air Weapons Level 1  
  104  9:51  Void Ray  
  108  10:13  Void Ray  
  102  11:32  Zealot x3  
  108  11:33  Void Ray x3  
  108  11:39  Protoss Shields Level 1  
  120  11:42  Protoss Air Armor Level 1  
  120  11:48  Assimilator  
  120  11:50  Assimilator  
  120  11:58  Nexus  
  110  12:16  Oracle x2  
  116  12:24  Zealot x2  
  116  12:25  Zealot  
  116  12:26  Zealot  
  116  12:27  Zealot x3  
  130  12:39  Void Ray  
  134  12:48  Protoss Ground Weapons Level 2  
  134  12:56  Robotics Facility  
  134  12:57  Robotics Facility  
  134  13:18  Probe x2 (Chrono Boost)  
  134  13:19  Probe x2 (Chrono Boost)  
  138  13:24  Pylon  
  138  13:27  Pylon  
  138  13:30  Pylon  
  138  13:33  Protoss Ground Armor Level 2  
  138  13:35  Pylon  
  138  13:45  Void Ray x3  
  150  13:50  Zealot  
  150  13:51  Zealot  
  150  13:52  Zealot x5  
  164  14:18  Zealot x2  
  164  14:19  Zealot x5  
  178  14:32  Warp Prism x2  
  166  16:20  Zealot x2  
  166  16:21  Zealot x5  
  180  17:01  Zealot x4  
  184  17:02  Zealot x3  
Show
View Real Time Build Order
Export as new Build Order

A.I. 1 (Harder) Protoss 

Build Orders:  

Get SALT Encoding   

  12  0:01  Probe (Chrono Boost)  
  13  0:11  Probe (Chrono Boost)  
  14  0:20  Pylon  
  14  0:22  Probe (Chrono Boost)  
  15  0:39  Probe (Chrono Boost)  
  16  0:46  Assimilator  
  16  0:49  Probe (Chrono Boost)  
  17  0:50  Gateway  
  17  0:59  Pylon  
  17  1:00  Probe (Chrono Boost)  
  18  1:10  Probe (Chrono Boost)  
  19  1:21  Probe (Chrono Boost)  
  20  1:36  Zealot  
  22  1:41  Cybernetics Core  
  22  1:43  Gateway  
  22  1:45  Assimilator  
  22  2:01  Pylon  
  22  2:14  Warp Gate  
  22  2:16  Stalker  
  24  2:28  Zealot  
  26  2:42  Pylon  
  26  2:45  Adept  
  28  2:54  Adept  
  31  3:05  Probe (Chrono Boost)  
  31  3:11  Adept  
  33  3:17  Probe (Chrono Boost), Pylon  
  34  3:20  Adept  
  36  3:28  Probe (Chrono Boost)  
  36  3:34  Forge  
  37  3:36  Adept  
  37  3:41  Probe (Chrono Boost)  
  40  3:46  Adept  
  42  3:53  Probe (Chrono Boost)  
  43  4:01  Adept  
  43  4:04  Probe (Chrono Boost)  
  46  4:46  Protoss Ground Weapons Level 1  
  46  4:51  Sentry  
  48  4:54  Gateway  
  48  4:57  Stalker  
  48  4:58  Pylon, Nexus  
  50  5:12  Zealot  
  52  5:19  Sentry  
  52  5:21  Pylon  
  54  5:32  Zealot  
  50  5:41  Zealot  
  48  5:48  Sentry  
  48  5:55  Sentry, Robotics Facility  
  48  6:01  Zealot  
  50  6:10  Stalker  
  51  6:12  Probe (Chrono Boost)  
  51  6:15  Probe (Chrono Boost)  
  51  6:17  Stalker  
  50  6:23  Adept  
  50  6:24  Probe (Chrono Boost)  
  54  6:26  Probe (Chrono Boost)  
  54  6:30  Protoss Ground Armor Level 1  
  54  6:32  Stalker  
  56  6:36  Probe (Chrono Boost)  
  56  6:37  Probe (Chrono Boost)  
  56  6:38  Stalker  
  60  6:42  Observer  
  60  6:45  Adept  
  64  6:48  Probe (Chrono Boost)  
  64  6:49  Probe (Chrono Boost)  
  64  6:53  Photon Cannon  
  65  6:59  Probe (Chrono Boost)  
  65  7:01  Photon Cannon  
  67  7:02  Probe (Chrono Boost), Observer  
  68  7:08  Pylon  
  68  7:11  Probe (Chrono Boost)  
  68  7:13  Probe (Chrono Boost)  
  68  7:14  Pylon  
  70  7:22  Probe (Chrono Boost), Stargate  
  71  7:24  Probe (Chrono Boost)  
  72  7:32  Twilight Council  
  72  7:33  Probe (Chrono Boost)  
  72  7:35  Probe (Chrono Boost)  
  74  7:40  Photon Cannon  
  74  7:44  Probe (Chrono Boost)  
  75  7:46  Probe (Chrono Boost)  
  75  7:47  Photon Cannon  
  76  7:52  Forge  
  76  8:11  Assimilator  
  76  8:15  Assimilator  
  76  8:36  Robotics Bay  
  76  8:38  Gateway  
  76  8:39  Warp Prism  
  76  8:41  Robotics Facility  
  76  8:46  Nexus, Stargate  
  72  8:56  Stalker  
  60  9:03  Stalker  
  60  9:08  Void Ray  
  52  9:12  Warp Prism  
  58  9:25  Disruptor  
  61  9:32  Gateway  
  61  9:37  Zealot  
  63  9:45  Warp Prism  
  63  9:47  Stargate  
  63  9:48  Stalker  
  67  9:56  Stalker  
  67  9:59  Observer  
  69  10:03  Sentry  
  72  10:11  Assimilator  
  72  10:15  Assimilator  
  72  10:17  Disruptor  
  75  10:22  Zealot, Stalker  
  75  10:26  Stalker  
  76  10:28  Zealot  
  76  10:32  Zealot  
  80  10:36  Void Ray  
  80  10:39  Mothership Core (Chrono Boost)  
  80  10:41  Zealot  
  56  11:02  Stalker  
  54  11:10  Stalker  
  56  11:15  Disruptor  
  58  11:26  Zealot  
  60  11:34  Stalker  
  62  11:42  Stalker  
  64  11:50  Sentry  
  64  11:54  Void Ray  
  70  12:03  Void Ray  
  72  12:15  Stalker  
  54  12:19  Disruptor  
  54  12:27  Zealot  
  58  12:31  Zealot  
  58  12:35  Sentry  
  61  12:39  Templar Archives  
  62  12:51  Zealot  
  62  12:52  Probe (Chrono Boost)  
  64  13:00  Zealot  
  64  13:01  Nexus  
  66  13:15  High Templar  
  66  13:19  High Templar  
  70  13:21  Immortal  
  74  13:35  Stalker  
  74  13:39  Stalker  
  78  13:44  Sentry  
  78  13:48  Immortal  
  84  14:01  Colossus  
  90  14:11  Archon  
  90  14:18  Probe (Chrono Boost), High Templar  
  93  14:34  Probe x2 (Chrono Boost)  
  93  14:36  High Templar  
  93  14:37  Probe (Chrono Boost)  
  98  14:43  Archon  
  98  14:44  Assimilator  
  98  14:45  Probe (Chrono Boost)  
  98  14:46  Probe (Chrono Boost)  
  94  14:57  Probe x2 (Chrono Boost)  
  90  15:00  High Templar  
  90  15:08  Probe x2 (Chrono Boost)  
  92  15:18  Nexus  
  91  15:27  High Templar  
  66  15:55  High Templar  
  39  16:05  Zealot  
  39  16:11  Probe (Chrono Boost), Zealot  
  44  16:12  Probe (Chrono Boost)  
  44  16:23  Probe x2 (Chrono Boost)  
  44  16:24  High Templar  
  47  16:32  Probe (Chrono Boost)  
  47  16:34  Probe (Chrono Boost)  
  47  16:36  Adept  
  33  16:52  Probe x2 (Chrono Boost)  
  31  17:01  High Templar  
  21  17:20  Probe x2 (Chrono Boost)  
  15  17:30  Probe x2 (Chrono Boost)  
  15  17:35  Pylon  
  17  17:42  Probe (Chrono Boost)  
  17  17:47  Probe (Chrono Boost)  
Tags
 
Matchup
PvP
Replay Pack
First 100 games
Spawn Locations
Cross Positions
Add a new tag
Caveats
  • Supply blocks, unpowered buildings, or Contaminate may cause inaccurate times.
  • Supply counts are checked every 10 seconds.